 Dungeon Crawl Stone Soup version 0.25-a0-341-g6f074c887a (webtiles) character file.

Game seed: 3219845497708313761, levelgen mode: deterministic

7972 PentaManta the Covert (level 11, -2/68 HPs)
             Began as a Vampire Enchanter on Dec 30, 2019.
             Was a High Priest of Okawaru.
             Slain by an efreet
             ... wielding a +4 scimitar of flaming
              (26 damage)
             ... on level 9 of the Dungeon.
             The game lasted 00:40:30 (8608 turns).

PentaManta the Covert (Vampire Enchanter)           Turns: 8608, Time: 00:40:31

Health: -2/68      AC:  8    Str:  7    XL:     11   Next: 3%
Magic:  5/21       EV: 19    Int: 21    God:    Okawaru [*****.]
Gold:   537        SH:  0    Dex: 18    Spells: 12/24 levels left

rFire    . . .     SeeInvis +   O - +5 demon blade (flame)
rCold    . . .     Gourm    .   (no shield)
rNeg     . . .     Faith    .   A - +2 robe {MR+}
rPois    .         Spirit   .   K - +0 helmet
rElec    .         Reflect  .   (no cloak)
rCorr    .         Harm     .   l - +1 pair of gloves
MR       ++...                  d - +0 pair of boots
Stlth    +++++.....             m - amulet of magic regeneration
HPRegen  0.41/turn              M - ring of wizardry
MPRegen  0.42/turn              B - +3 ring of intelligence

@: regenerating quickly
A: no food, fangs 3, see invisible, unbreathing
a: Exsanguinate, Heroism, Finesse, Renounce Religion


You were on level 9 of the Dungeon.
You worshipped Okawaru.
Okawaru was extremely pleased with you.
You were alive.

You visited 2 branches of the dungeon, and saw 10 of its levels.
You also visited: Sewer and Ossuary.

You collected 537 gold pieces.

Inventory:

Hand Weapons
 a - a +2 dagger
 j - a +1 short sword of venom
 s - a +2 hunting sling of freezing
 x - a +2 whip of freezing
 I - a +2 rapier of speed
 L - a +0 dagger of protection
 O - a +5 demon blade of flaming (weapon)
Missiles
 n - 2 poisoned darts (quivered)
Armour
 d - a +0 pair of boots (worn)
 i - a +0 shield
 l - a +1 pair of gloves (worn)
 v - a +2 leather armour of fire resistance
 A - a +2 robe of magic resistance (worn)
 K - a +0 helmet (worn)
 N - a +1 robe of positive energy
Jewellery
 m - an amulet of magic regeneration (around neck)
 B - a +3 ring of intelligence (right hand)
 M - a ring of wizardry (left hand)
Wands
 w - a wand of random effects (16)
 y - a wand of flame (19)
 J - a wand of disintegration (12)
Scrolls
 b - 3 scrolls of fear
 q - 3 scrolls of magic mapping
 t - 9 scrolls of teleportation
 z - a scroll of amnesia
 C - 3 scrolls of enchant armour
 D - 3 scrolls of remove curse
 E - a scroll of identify
 H - a scroll of blinking
Potions
 c - a potion of might
 f - 7 potions of heal wounds
 h - a potion of haste
 k - 3 potions of lignification
 o - 5 potions of flight
 p - a potion of resistance
 r - 4 potions of curing
 u - 3 potions of magic
 F - 2 potions of mutation
 G - a potion of brilliance


   Skills:
 - Level 1.1(4.2) Short Blades
 + Level 6.0 Long Blades
 + Level 9.1 Dodging
 + Level 12.8 Stealth
 + Level 5.4 Shields
 - Level 7.1 Spellcasting
 - Level 9.2 Hexes


You had 12 spell levels left.
You knew the following spells:

 Your Spells              Type           Power        Failure   Level  Hunger
a - Corona                Hex            #####..      1%          1    N/A
b - Ensorcelled Hibernat  Hex/Ice        ####..       1%          2    N/A
c - Tukima's Dance        Hex            #####...     1%          3    N/A
d - Confuse               Hex            #####...     1%          3    N/A
e - Dazzling Flash        Conj/Hex       ####..       1%          3    N/A

Your spell library contained the following spells:

 Spells                   Type           Power        Failure   Level  Hunger
 Shock                    Conj/Air       #...         3%          1    N/A
 Swiftness                Chrm/Air       #.......     5%          2    N/A
 Static Discharge         Conj/Air       #.......     11%         3    N/A
 Airstrike                Air            #.........   32%         4    N/A
 Lightning Bolt           Conj/Air       #.........   65%         5    N/A

Dungeon Overview and Level Annotations

Branches:
Dungeon (9/15)             Temple (1/1) D:7           Sewer (visited)
Ossuary (visited)
   Lair: D:8-11         Orc: D:9-12

Altars:
Ashenzari
Cheibriados
Dithmenos
Elyvilon
Fedhas
Hepliaklqana
Kikubaaqudgha
Makhleb
Nemelex Xobeh
Okawaru
Qazlal
Ru
Sif Muna
Trog
Uskayaw
Vehumet
Wu Jian
Yredelemnul
Zin
The Shining One


Innate Abilities, Weirdness & Mutations

You do not eat.
Your natural rate of healing is unusually fast.
You have razor-sharp teeth.
You have supernaturally acute eyesight. (SInv)
You can survive without breathing.


Message History

The fireball explodes!
The fireball engulfs you!!
Ouch! That really hurt!
You hear a shout!
Okay, then.
Press: ? - help, v - describe, . - travel
Here: an efreet, wielding a +4 scimitar of flaming An open door.
Okay, then.
Okay, then.
Casting: Ensorcelled Hibernation (safe; 1% risk of failure)
Confirm with . or Enter, or press ? or * to list all spells.
Aiming: Ensorcelled Hibernation (safe; 1% risk of failure)
Press: ? - help, Shift-Dir - straight line, f/p - efreet
Aim: an efreet, wielding a +4 scimitar of flaming (chance to defeat MR: 55%)
The efreet looks drowsy...
The helpless efreet fails to defend itself.
You slash the efreet!
The efreet is heavily wounded.
The efreet hits you with a +4 scimitar of flaming!!
You die...

...#.#.##.#....#.##.........#.#..
#.#.##.#..##..##..............#..
.#...#.#.. #####.................
..#.##.##. #.#...............
+#########+## #.#......>....####
#. #.. #.##..........'... /.
..###.##..........#### #.
#..#)##..........#
#..##..#@##..>.......#
#.)##R.#########'### #..###.# #.#
..##. #.# #.# #.. ..#.# #.# R.#
###†# #<# ### +#####†####### #.#
.^............# #.#
#####.........# #.#


You could see an efreet.

Vanquished Creatures
  3 two-headed ogres
  Pikel (D:6)
  2 trolls (D:9)
  3 hippogriffs
  Prince Ribbit (D:5)
  4 yaks (D:9)
  A human (D:8)
  Eustachio (D:4)
  3 hungry ghosts (D:7)
  A water moccasin (D:6)
  Duvessa (D:5)
  2 ice beasts
  An orc warrior (D:9)
  A slave (D:6)
  Purgy (Sewer)
  3 sky beasts (D:9)
  A phantom (D:8)
  2 ogres (D:5)
  3 centaurs
  2 big kobolds
  3 bullfrogs
  Dowan (D:5)
  A water moccasin zombie (Ossuary)
  2 wights (D:7)
  3 howler monkeys
  4 crimson imps
  A bullfrog zombie (D:8)
  2 hounds
  6 orc priests
  A bullfrog skeleton (D:4)
  7 orc wizards
  An iguana (D:4)
  6 worker ants
  4 big kobold zombies (Ossuary)
  A hound zombie (D:6)
  A hound skeleton (D:7)
  2 mummies (Ossuary)
  2 worker ant zombies
  8 gnolls
  2 river rats (D:5)
  8 adders
  A howler monkey skeleton (D:7)
  A shadow imp (D:6)
  A white imp (D:4)
  An ooze (D:5)
  3 adder zombies (Ossuary)
  An adder skeleton (D:9)
  3 worms
  4 dart slugs
  2 leopard geckos
  23 orcs
  4 ball pythons
  5 bats
  7 giant cockroaches
  4 gnoll zombies (Ossuary)
  8 goblins
  9 hobgoblins
  13 jackals
  10 kobolds
  3 quokkas
  12 frilled lizards
  A goblin skeleton (D:4)
  A goblin zombie (D:4)
  4 hobgoblin zombies
  A jackal zombie (D:8)
  A kobold skeleton (D:4)
  7 kobold zombies
  An orc skeleton (D:4)
  8 orc zombies
  8 rats
250 creatures vanquished.

Vanquished Creatures (collateral kills)
  3 wights (D:7)
3 creatures vanquished.

Grand Total: 253 creatures vanquished

Notes
Turn   | Place    | Note
-------+----------+-------------------------------------------
     0 | D:1      | PentaManta the Vampire Enchanter began the quest for the
                  | Orb.
     0 | D:1      | Reached XP level 1. HP: 13/13 MP: 3/3
   316 | D:1      | Reached XP level 2. HP: 14/19 MP: 5/5
   320 | D:1      | Learned a level 2 spell: Ensorcelled Hibernation
   568 | D:1      | Reached skill level 5 in Hexes
   742 | D:1      | Reached XP level 3. HP: 24/24 MP: 6/6
   933 | D:2      | Learned a level 3 spell: Tukima's Dance
   971 | D:2      | Reached skill level 5 in Stealth
  1042 | D:2      | Found a radiant altar of Vehumet.
  1074 | D:2      | You fall into a shaft and drop 1 floor!
  1347 | D:2      | Reached XP level 4. HP: 27/30 MP: 5/8
  1604 | D:3      | Found a sparkling altar of Nemelex Xobeh.
  1607 | D:3      | Found a hazy altar of Hepliaklqana.
  1612 | D:3      | Found a glowing silver altar of Zin.
  1690 | D:3      | Learned a level 3 spell: Confuse
  1763 | D:4      | Found a glowing golden altar of the Shining One.
  1852 | D:4      | Reached XP level 5. HP: 34/35 MP: 9/9
  1885 | D:4      | Noticed Eustachio
  2098 | D:4      | Killed Eustachio
  2098 | D:4      | Reached skill level 6 in Stealth
  2098 | D:4      | Reached XP level 6. HP: 31/41 MP: 7/12
  2794 | D:4      | Learned a level 3 spell: Dazzling Flash
  2971 | D:5      | Entered Level 5 of the Dungeon
  3023 | D:5      | Reached XP level 7. HP: 40/46 MP: 11/13
  3046 | D:5      | Found a glowing drain.
  3057 | Sewer    | Entered a sewer
  3108 | Sewer    | Noticed Purgy
  3124 | Sewer    | Killed Purgy
  3358 | D:5      | Noticed Prince Ribbit
  3512 | D:5      | Noticed Duvessa
  3513 | D:5      | Noticed Dowan
  3536 | D:5      | Killed Duvessa
  3536 | D:5      | Reached skill level 7 in Stealth
  3539 | D:5      | Killed Dowan
  3539 | D:5      | Reached skill level 5 in Spellcasting
  3684 | D:5      | Found an iron altar of Okawaru.
  3704 | D:5      | Became a worshipper of Warmaster Okawaru
  3744 | D:5      | Reached XP level 8. HP: 20/52 MP: 11/15
  4201 | D:5      | Killed Prince Ribbit
  4671 | D:6      | Reached skill level 5 in Dodging
  4720 | D:6      | Reached skill level 8 in Stealth
  5165 | D:6      | Reached * piety under Okawaru
  5253 | D:6      | Noticed Pikel
  5278 | D:6      | Killed Pikel
  5278 | D:6      | Reached skill level 9 in Stealth
  5392 | D:6      | Reached XP level 9. HP: 57/57 MP: 19/19
  5731 | D:7      | Reached ** piety under Okawaru
  5837 | D:7      | Found a staircase to the Ecumenical Temple.
  5866 | D:7      | Reached skill level 1 in Long Blades
  5872 | D:7      | Reached skill level 1 in Shields
  5910 | Temple   | Entered the Ecumenical Temple
  6363 | D:7      | Reached skill level 10 in Stealth
  6499 | D:8      | Found a sand-covered staircase.
  6508 | Ossuary  | Entered an ossuary
  6966 | D:8      | Found a sacrificial altar of Ru.
  7063 | D:8      | Noticed a two-headed ogre
  7229 | D:7      | Reached *** piety under Okawaru
  7429 | D:8      | Noticed a two-headed ogre
  7433 | D:8      | Killed a two-headed ogre
  7433 | D:8      | Reached skill level 11 in Stealth
  7433 | D:8      | Reached XP level 10. HP: 63/63 MP: 18/20
  7536 | D:8      | Reached **** piety under Okawaru
  7577 | D:8      | Killed a two-headed ogre
  8148 | D:9      | Noticed a two-headed ogre
  8156 | D:9      | Killed a two-headed ogre
  8156 | D:9      | Reached ***** piety under Okawaru
  8156 | D:9      | Reached skill level 5 in Long Blades
  8156 | D:9      | Reached skill level 12 in Stealth
  8274 | D:9      | Reached skill level 5 in Shields
  8577 | D:9      | Received a gift from Okawaru
  8577 | D:9      | Reached XP level 11. HP: 63/68 MP: 14/21
  8608 | D:9      | Slain by an efreet

Levels and vault maps discovered:
D:1:      dpeg_arrival_stonehenge_8_columns, layout_basic, minmay_liquid_box,
          chequers_serial_rivers_small_3
D:2:      minmay_chambers_of_ones, layout_loops_ring,
          nicolae_overflow_hidden_temple
D:3:      layout_rooms, minitemple, first_ration
D:4:      layout_gridville, nicolae_tso_besieged_by_evil, uniq_eustachio
D:5:      layout_layer_cave, overflow_temple_1_default, portal_sewer_entry_a,
          uniq_duvessa, uniq_prince_ribbit1
D:6:      layout_basic, kennysheep_small_spiral, uniq_pikel
D:7:      layout_rooms, minmay_temple_entry_large_hall
D:8:      layout_loops_ring, lemuel_coloured_pillars_altar, enter_ossuary_3,
          grunt_pizzeria, grunt_ministairs_15, st_stairs_14
D:9:      minmay_the_grid_3x2 [minmay_the_grid_fan,
          minmay_the_grid_diamond_grid, minmay_the_grid_odd_star,
          minmay_the_grid_minigrid_medium, minmay_the_grid_zigzag_pyramid,
          minmay_the_grid_prize_four_corners], layout_basic,
          grunt_gozag_statues, xom_redecorated, kennysheep_cross_room
Temple:   eino_narrow_crystal_temple

Skill      XL: |  1  2  3  4  5  6  7  8  9 10 11 |
---------------+----------------------------------+-----
Hexes          | 5 6 7 8 9 |  9.2
Stealth        | 5 6 7 9 11 12 | 12.8
Spellcasting   | 3 4 5 6 7 |  7.1
Dodging        | 3 4 5 7 9 |  9.1
Long Blades    | 4 5 6 |  6.0
Shields        | 3 5 |  5.4
Short Blades   | |  1.1

Action                   |  1- 3 |  4- 6 |  7- 9 | 10-12 || total
-------------------------+-------+-------+-------+-------++-------
Melee: Dagger            |   186 |   206 |   500 |   144 ||  1036
       Bite              |     6 |    11 |    71 |    17 ||   105
       Falchion          |       |       |     3 |       ||     3
       Punch             |       |       |     1 |       ||     1
       Demon blade       |       |       |       |     1 ||     1
 Cast: Ensorcelled Hiber |     7 |    38 |    79 |    54 ||   178
       Corona            |     2 |     2 |     5 |     2 ||    11
       Confuse           |       |     6 |    30 |     4 ||    40
       Tukima's Dance    |       |       |     4 |       ||     4
Invok: Heroism           |       |       |     1 |       ||     1
  Use: Scroll            |     6 |     6 |     7 |     7 ||    26
       Potion            |       |       |     4 |       ||     4
 Stab: Sleeping          |     9 |    28 |    56 |    30 ||   123
       Confused          |       |     4 |    15 |     3 ||    22
       Distracted        |       |       |     2 |       ||     2
Armor: Leather armour    |    46 |    48 |    29 |       ||   123
       Robe              |       |     2 |   100 |    27 ||   129
Dodge: Dodged            |   114 |   165 |   393 |    99 ||   771
       Rpst.: Falchion   |       |       |     2 |       ||     2

Table legend:
 A = Non-vault XP
 B = Vault XP
 C = Vault XP percentage of total XP
 D = Non-vault monster count
 E = Vault monster count
 F = Vault count percentage of total count
                 A         B        C        D         E       F
            +---------+---------+-------+---------+---------+-------
      Total |    6435 |    4954 |  43.5 |     178 |      73 |  29.1
            +---------+---------+-------+---------+---------+-------
        D:1 |      43 |       0 |   0.0 |      22 |       0 |   0.0
        D:2 |      36 |       0 |   0.0 |      11 |       0 |   0.0
        D:3 |     110 |       0 |   0.0 |      25 |       0 |   0.0
        D:4 |     331 |     207 |  38.5 |      27 |      11 |  28.9
        D:5 |     389 |     523 |  57.3 |      12 |      10 |  45.5
        D:6 |     411 |     640 |  60.9 |      10 |       1 |   9.1
        D:7 |    1241 |       0 |   0.0 |      28 |       0 |   0.0
        D:8 |    1996 |    1144 |  36.4 |      20 |       4 |  16.7
        D:9 |    1878 |    2045 |  52.1 |      23 |      11 |  32.4
      Sewer |       0 |     139 | 100.0 |       0 |       9 | 100.0
    Ossuary |       0 |     256 | 100.0 |       0 |      27 | 100.0
            +---------+---------+-------+---------+---------+-------
